 Dungeon Crawl Stone Soup version 0.25-a0-780-g622e69b31f (webtiles) character file.

Game seed: 11438106495379242786, levelgen mode: deterministic

125373 Lugonue the Peltast (level 16, -14/93 HPs)
             Began as a Tengu Fire Elementalist on Apr 14, 2020.
             Was a High Priest of Okawaru.
             Killed from afar by a fire giant (18 damage)
             ... with a bolt of fire
             ... on level 15 of the Dungeon.
             The game lasted 02:22:04 (31881 turns).

Lugonue the Peltast (Tengu Fire Elementalist)      Turns: 31881, Time: 02:22:04

Health: -14/93     AC: 15    Str: 16    XL:     16   Next: 95%
Magic:  34/46      EV: 24    Int: 21    God:    Okawaru [*****.]
Gold:   944        SH: 16    Dex: 19    Spells: 12/36 levels left

rFire    + . .     SeeInvis +   s - +9 demon blade (vorpal)
rCold    + + +     Gourm    .   S - +2 kite shield "Qogyudila" {rC++ rN+}
rNeg     + + .     Faith    .   d - +4 skin of Zhor {Englaciate rC+++ SInv}
rPois    +         Spirit   .   T - +2 hat "Gemed" {rN+ rCorr}
rElec    .         Reflect  .   b - +2 cloak {rPois}
rCorr    +         Harm     .   I - +0 pair of gloves
MR       ++...                  (boots unavailable)
Stlth    +++.......             e - amulet "Xodyekho" {Acrobat rPois MP+9 Int+4}
HPRegen  0.25/turn              f - ring "Reazodaq" {MR+ Dex+2}
MPRegen  0.30/turn              k - ring of fire

@: flying quickly and evasively, quick
A: beak, talons 3, molten scales 1, agile 1, high mp 2, strong 1, evolution 2,
able to fly
a: Stop Flying, Heroism, Finesse, Renounce Religion


You were on level 15 of the Dungeon.
You worshipped Okawaru.
Okawaru was extremely pleased with you.
You were very hungry.

You visited 6 branches of the dungeon, and saw 28 of its levels.
You visited the Abyss 1 time.
You also visited: Ossuary and Bailey.

You collected 4174 gold pieces.
You spent 3230 gold pieces at shops.

Inventory:

Hand Weapons
 n - a +3 scimitar of flaming
 s - a +9 vorpal demon blade (weapon)
Missiles
 g - 5 throwing nets (quivered)
Armour
 b - a +2 cloak of poison resistance (worn)
 d - the +4 skin of Zhor (worn) {Englaciate rC+++ SInv}
   (Okawaru gifted it to you on level 1 of the Snake Pit)

   It renders you almost immune to cold.
   It lets you see invisible.
 I - a +0 pair of gloves (worn)
 S - the +2 kite shield "Qogyudila" (worn) {rC++ rN+}
   (Okawaru gifted it to you on level 4 of the Lair of Beasts)

   It greatly protects you from cold.
   It protects you from negative energy.
 T - the +2 hat "Gemed" (worn) {rN+ rCorr}
   (You acquired it on level 5 of the Lair of Beasts)

   It protects you from negative energy.
   It provides partial protection from all sources of acid and corrosion.
Jewellery
 e - the amulet "Xodyekho" (around neck) {Acrobat rPois MP+9 Int+4}
   (You found it on level 1 of the Snake Pit)

   [amulet of the acrobat]

   It helps you evade while moving and waiting.
   It affects your intelligence (+4).
   It protects you from poison.
   It affects your magic capacity (+9).
 f - the ring "Reazodaq" (left hand) {MR+ Dex+2}
   (You bought it in a shop on level 5 of the Dungeon)

   [ring of protection from magic]

   It affects your dexterity (+2).
   It affects your resistance to hostile enchantments.
 k - a ring of fire (right hand)
Wands
 a - a wand of polymorph (7)
 j - a wand of acid (8)
 D - a wand of scattershot (15)
 E - a wand of paralysis (15)
 G - a wand of clouds (1)
 H - a wand of disintegration (106)
 M - a wand of digging (15)
Scrolls
 h - a scroll of amnesia
 i - a scroll of enchant armour
 l - 7 scrolls of identify
 m - 10 scrolls of teleportation
 p - a scroll of brand weapon
 J - 2 scrolls of fog
 L - a scroll of magic mapping
 N - 13 scrolls of remove curse
Potions
 o - 3 potions of cancellation
 r - a potion of resistance
 x - 4 potions of magic
 A - a potion of haste
 B - 6 potions of curing
 K - 3 potions of brilliance
 Q - 4 potions of might
Miscellaneous
 X - 4 phantom mirrors
Comestibles
 c - 37 rations


   Skills:
 * Level 8.1 Fighting
   Level 3.5(10.5) Short Blades
 + Level 14.8(14.9) Long Blades
 + Level 7.7 Armour
 - Level 10.0 Dodging
 - Level 4.0 Stealth
 - Level 15.0 Shields
 + Level 10.5 Spellcasting
 + Level 9.4 Conjurations
 - Level 1.7 Hexes
 - Level 2.7 Charms
 - Level 2.2 Translocations
 + Level 9.3 Fire Magic
 - Level 0.3 Ice Magic
 - Level 1.3 Invocations
 - Level 2.5 Evocations


You had 12 spell levels left.
You knew the following spells:

 Your Spells              Type           Power        Failure   Level  Hunger
a - Foxfire               Conj/Fire      ####         1%          1    None
c - Sticky Flame          Conj/Fire      ######..     1%          4    ##.....
d - Shroud of Golubria    Chrm/Tloc      ###...       3%          2    None
e - Spectral Weapon       Hex/Chrm       ###.....     8%          3    None
f - Ozocubu's Armour      Chrm/Ice       ###.....     10%         3    None
g - Fireball              Conj/Fire      ######....   3%          5    ####...
h - Starburst             Conj/Fire      ######....   21%         6    ######.

Your spell library contained the following spells:

 Spells                   Type           Power        Failure   Level  Hunger
 Infusion                 Chrm           ###.         1%          1    None
 Magic Dart               Conj           ####         1%          1    None
 Conjure Flame            Conj/Fire      ######..     1%          3    None
 Inner Flame              Hex/Fire       ######..     1%          3    None
 Apportation              Tloc           ###...       2%          1    None
 Corona                   Hex            ###....      3%          1    None
 Song of Slaying          Chrm           ###.....     3%          2    None
 Freeze                   Ice            ##..         5%          1    None
 Ignite Poison            Fire/Tmut/Pois #####...     5%          3    None
 Animate Skeleton         Necr           N/A          6%          1    None
 Pain                     Necr           ##..         6%          1    None
 Summon Small Mammal      Summ           ##..         6%          1    None
 Hailstorm                Conj/Ice       ####....     9%          4    ##.....
 Bolt of Magma            Conj/Fire/Erth ######....   13%         5    ####...
 Iskenderun's Battlesphe  Conj/Chrm      #####...     14%         5    ####...
 Frozen Ramparts          Ice            ##....       16%         3    None
 Vampiric Draining        Necr           ##........   19%         3    None
 Summon Ice Beast         Ice/Summ       ##......     50%         4    ##.....
 Animate Dead             Necr           N/A          52%         4    ##.....
 Orb of Destruction       Conj           ######....   73%         7    #######
 Iron Shot                Conj/Erth      ####......   80%         6    ######.
 Agony                    Necr           ##......     86%         5    ####...
 Ring of Flames           Chrm/Fire      ######....   99%         7    #######
 Spellforged Servitor     Conj/Summ      ####......   100%        7    #######
 Ignition                 Fire           ######....   100%        8    #######


Dungeon Overview and Level Annotations

Branches:
Dungeon (14/15)            Temple (1/1) D:4            Lair (6/6) D:9
  Swamp (1/4) Lair:3        Snake (3/4) Lair:4        Slime (0/5) Lair:5
    Orc (2/2) D:9             Elf (0/3) Orc:2        Vaults (0/5) D:13
 Depths (0/5) D:15        Ossuary (visited)          Bailey (visited)

Altars:
Ashenzari
Cheibriados
Dithmenos
Elyvilon
Fedhas
Gozag
Hepliaklqana
Kikubaaqudgha
Makhleb
Nemelex Xobeh
Okawaru
Qazlal
Ru
Sif Muna
Uskayaw
Vehumet
Xom
Yredelemnul
Zin
The Shining One
Beogh
Jiyva

Shops:
D:5 *?   D:12 !   D:14 [   Orc:1 %!   Orc:2 ([%=   Snake:3 }}

Annotations:
D:9 3 runed translucent doors, Stelteck's ghost, journeyman DrBe
D:10 exclusion: hydra
Lair:2 3 runed translucent doors, Ulumiabe's ghost, journeyman OpBe
Lair:4 exclusion: 2 oklob plants
Swamp:1 Frances
Snake:3 Nikola; Vashnia


Innate Abilities, Weirdness & Mutations

You have a beak for a mouth.
You have claws for feet.
You can fly continuously.
You are partially covered in molten scales. (AC +2)
You are agile. (Dex +2)
You have a considerably increased reservoir of magic. (+20% MP)
Your muscles are strong. (Str +2)
You rapidly evolve.


Message History

Okay, then.
Unknown command.
Okay, then.
Unknown command.
Evoke which item? (* to show all) (? for menu, Esc to quit)
Aiming: Paralyse
Press: ? - help, Shift-Dir - straight line, f/p - fire giant
Aim: a fire giant, wielding a +0 great sword of flaming (lightly wounded, covered in acid, chance to defeat MR: 10%)
Okay, then.
Unknown command.
Unknown command.
Throwing (i - inventory)
g - 6 throwing nets (quivered)
Press: ? - help, Shift-Dir - straight line, f/p - fire giant
Aim: a fire giant, wielding a +0 great sword of flaming (lightly wounded, covered in acid, immune to nets)
You throw a throwing net. The throwing net hits the fire giant.
The fire giant is too large for the net to hold!
The fire giant is lightly wounded.
The fire giant gestures at you while chanting.
The bolt of fire hits you!! You resist.
You die...

#.######## #......
#.##########...#..
#.#............#..
#.#.#########..#.. #.#.## #.)#..
. ##########....# ##.).## .
..............# #....(# #.
##########....# #...... #.#
#@#.## #...... ###..##### #.#.#
#....#. ....§§§§.## #C#.#
#..###†
.≈≈≈≈§≈≈..######g#.########.. #[
.§≈#§§.......†gW.....H..........
#≈§≈≈≈#.§WE######..)H......###..
≈≈≈≈≈§≈≈≈≈§.# ##########. #..
≈≈≈§..≈§§≈..# ##. $≈..>.≈§#≈..#
#.


You could see a fire giant, a wraith and 2 boggarts.

Vanquished Creatures
  A nagaraja (Snake:2)
  A very ugly thing (D:9)
  An ettin (shapeshifter) (D:12)
  4 hydras
  3 naga warriors
  6 anacondas
  A merfolk avatar (Lair:6)
  A shambling mangrove (Swamp:1)
  11 two-headed ogres
  3 centaur warriors
  Erica (Lair:2)
  2 death knights
  2 alligators
  A hell hog (Abyss:1)
  2 tengu warriors
  5 shock serpents
  6 naga sharpshooters
  6 orc high priests
  A salamander mystic (Snake:3)
  A fire crab (Lair:5)
  An unseen horror (D:13)
  3 sea snakes (Snake:1)
  2 naga ritualists
  A harpy (Lair:6)
  2 wizards
  A phantasmal warrior (Abyss:1)
  2 deep elf magi
  A necromancer (D:13)
  2 orc sorcerers
  11 orc knights
  A lindwurm (Lair:6)
  8 mana vipers
  3 cyclopes
  8 ugly things
  20 elephants
  5 salamanders
  4 manticores
  14 black mambas
  An ice statue (D:12)
  Psyche (D:8)
  A guardian serpent (Snake:3)
  A water nymph (shapeshifter) (D:10)
  5 naga magi
  A smoke demon (Abyss:1)
  An orange demon (Abyss:1)
  13 spiny frogs
  6 rime drakes
  11 komodo dragons
  An ancient zyme (Abyss:1)
  A demonic crawler (Abyss:1)
  2 efreet
  A harpy zombie (D:14)
  A tengu conjurer (D:13)
  7 ice devils (D:12)
  9 trolls
  A hornet (Lair:3)
  A polar bear (Lair:6)
  A wind drake (Lair:6)
  8 raiju (Abyss:1)
  7 blink frogs
  7 hippogriffs
  2 bog bodies (Lair:3)
  A wraith (D:12)
  A ynoxinul (Abyss:1)
  A vampire (D:12)
  2 wyverns
  A shadow (D:12)
  3 basilisks
  30 yaks
  Eustachio (D:6)
  3 hungry ghosts
  A steam dragon (D:8)
  A fire bat (Abyss:1)
  10 vampire mosquitoes
  A chaos spawn (Abyss:1)
  5 large abominations (Abyss:1)
  Edmund (D:4)
  6 wargs
  A soldier ant (D:12)
  19 nagas
  7 water moccasins
  4 porcupines
  37 orc warriors
  A phantom (D:5)
  2 sky beasts
  An eye of draining (D:11)
  15 wolves
  4 ice beasts
  12 ogres
  2 boggarts (D:15)
  26 centaurs
  12 crocodiles
  5 big kobolds
  23 bullfrogs
  11 gnoll sergeants
  5 small abominations (Abyss:1)
  A water moccasin zombie (D:7)
  2 scorpions
  A wyvern skeleton (D:6)
  14 wights
  18 killer bees
  16 electric eels
  5 howler monkeys
  3 bullfrog zombies
  7 centaur zombies
  6 crimson imps
  8 hounds
  7 gnoll shamans
  8 jellies
  31 orc priests
  A bullfrog skeleton (D:8)
  3 centaur skeletons
  2 iron imps (Abyss:1)
  20 orc wizards
  4 iguanas
  10 worker ants
  A killer bee zombie (D:10)
  2 big kobold zombies (Ossuary)
  2 hound zombies
  2 hound skeletons
  3 mummies (Ossuary)
  2 worker ant zombies
  26 gnolls
  16 adders
  2 shadow imps
  A white imp (Abyss:1)
  5 ufetubi (D:12)
  7 oozes
  4 adder zombies (Ossuary)
  A worm (D:2)
  6 dart slugs
  8 leopard geckos
  99 orcs
  4 giant cockroaches
  2 gnoll zombies (Ossuary)
  7 goblins
  12 hobgoblins
  4 jackals
  26 kobolds
  4 quokkas
  A ball python (D:1)
  6 bats
  4 frilled lizards
  6 goblin zombies
  4 hobgoblin zombies (Ossuary)
  A jackal skeleton (D:4)
  7 jackal zombies (Ossuary)
  A kobold zombie (Ossuary)
  A leopard gecko skeleton (D:4)
  2 orc zombies
  5 quokka zombies
  9 rats
  5 rat zombies (Ossuary)
  3 plants
  A spectral weapon (Snake:2)
962 creatures vanquished.

Vanquished Creatures (others)
  953 foxfires
  7 fungi
  35 plants
  28 spectral weapons
  6 starspawn tentacles (Abyss:1)
1029 creatures vanquished.

Grand Total: 1991 creatures vanquished

Notes
Turn   | Place    | Note
-------+----------+-------------------------------------------
     0 | D:1      | Lugonue the Tengu Fire Elementalist began the quest for the
                  | Orb.
     0 | D:1      | Reached XP level 1. HP: 10/10 MP: 4/4
   236 | D:1      | Reached XP level 2. HP: 9/15 MP: 0/6
   792 | D:1      | Reached XP level 3. HP: 17/19 MP: 1/7
  1808 | D:2      | Reached XP level 4. HP: 19/24 MP: 8/8
  2277 | D:2      | Found a snail-covered altar of Cheibriados.
  2847 | D:3      | Gained mutation: You can fly continuously. [Tengu growth]
  2847 | D:3      | Reached XP level 5. HP: 25/28 MP: 5/10
  3237 | D:3      | Found a shimmering altar of Xom.
  3251 | D:3      | Found a shimmering blue altar of Sif Muna.
  3286 | D:3      | Identified Sif Muna's Catalogue of Arcane Weapons
  3292 | D:3      | Learned a level 1 spell: Magic Dart
  3484 | D:3      | Found a stormy altar of Qazlal.
  3484 | D:3      | Found a glowing golden altar of the Shining One.
  3594 | D:3      | Reached XP level 6. HP: 32/32 MP: 4/12
  3683 | D:3      | Found a glowing silver altar of Zin.
  3753 | D:3      | Found a burning altar of Makhleb.
  4177 | D:4      | Found a sand-covered staircase.
  4185 | Ossuary  | Entered an ossuary
  4212 | Ossuary  | Reached skill level 1 in Short Blades
  4222 | Ossuary  | Reached XP level 7. HP: 28/37 MP: 9/14
  4231 | Ossuary  | Reached skill level 5 in Fire Magic
  4613 | Ossuary  | Reached skill level 1 in Armour
  4760 | Ossuary  | Reached skill level 1 in Fighting
  4976 | D:4      | Found a staircase to the Ecumenical Temple.
  4985 | Temple   | Entered the Ecumenical Temple
  5046 | Temple   | Became a worshipper of Warmaster Okawaru
  5129 | D:4      | Noticed Edmund
  5137 | D:4      | Learned a level 3 spell: Inner Flame
  5142 | D:4      | Learned a level 4 spell: Sticky Flame
  5184 | D:4      | Killed Edmund
  5259 | D:5      | Entered Level 5 of the Dungeon
  5316 | D:5      | Reached skill level 1 in Shields
  5440 | D:5      | Reached * piety under Okawaru
  5440 | D:5      | Reached XP level 8. HP: 43/43 MP: 4/16
  5465 | D:5      | Reached skill level 5 in Conjurations
  5691 | D:5      | Found Enuceodu's Assorted Antiques.
  5798 | D:5      | Found Bistraa's Magic Scroll Boutique.
  5866 | D:5      | Reached skill level 2 in Shields
  6600 | D:5      | Reached skill level 5 in Spellcasting
  6803 | D:5      | Reached ** piety under Okawaru
  6829 | D:5      | Reached XP level 9. HP: 12/48 MP: 8/17
  7221 | D:6      | Identified a scroll of acquirement
  7221 | D:6      | Identified the Catalogue of Doomed Confrontation (You
                  | acquired it on level 6 of the Dungeon)
  7221 | D:6      | Identified the ring "Noimn" {*Slow rC+ rN+ rCorr Slay+2}
                  | (You acquired it on level 6 of the Dungeon)
  7221 | D:6      | Identified the +3 buckler of Dice, Bag, and Bottle {-Cast
                  | rC+ Regen+ Str+5} (You acquired it on level 6 of the
                  | Dungeon)
  7282 | D:5      | Bought a runed demon blade for 468 gold pieces
  7282 | D:5      | Bought a shimmering ivory ring for 130 gold pieces
  7282 | D:5      | Bought a scroll labeled ZISMIM ZEBI for 26 gold pieces
  7284 | D:5      | Bought a glowing bronze wand for 104 gold pieces
  7323 | D:5      | Reached skill level 3 in Shields
  7498 | D:6      | Noticed Eustachio
  7509 | D:6      | Killed Eustachio
  7509 | D:6      | Reached skill level 1 in Long Blades
  7612 | D:6      | Reached *** piety under Okawaru
  7904 | D:6      | Reached skill level 4 in Shields
  7926 | D:6      | Reached skill level 1 in Evocations
  8259 | D:6      | Learned a level 2 spell: Shroud of Golubria
  8263 | D:6      | Learned a level 3 spell: Spectral Weapon
  8267 | D:6      | Learned a level 3 spell: Ozocubu's Armour
  8455 | D:7      | Found a sacrificial altar of Ru.
  8606 | D:7      | Found a hazy altar of Hepliaklqana.
  8684 | D:7      | Identified the ring "Reazodaq" {MR+ Dex+2} (You bought it
                  | in a shop on level 5 of the Dungeon)
  8746 | D:8      | Reached **** piety under Okawaru
  8863 | D:8      | Reached XP level 10. HP: 54/54 MP: 17/19
  8958 | D:8      | Reached skill level 5 in Shields
  8960 | D:8      | Reached skill level 5 in Dodging
  9330 | D:8      | Reached skill level 5 in Long Blades
  9407 | D:8      | Noticed a two-headed ogre
  9420 | D:8      | HP: 1/54 [two-headed ogre/+0 giant club (20)]
 10072 | D:8      | Found a sparkling altar of Nemelex Xobeh.
 10195 | D:8      | Killed a two-headed ogre
 10195 | D:8      | Reached ***** piety under Okawaru
 10450 | D:8      | Noticed Psyche
 10459 | D:8      | Killed Psyche
 10704 | D:9      | Found a staircase to the Orcish Mines.
 10815 | D:9      | Reached XP level 11. HP: 60/60 MP: 10/21
 11147 | D:9      | Found a runed translucent gate.
 11148 | D:9      | Found a runed translucent gate.
 11149 | D:9      | Found a runed translucent gate.
 11149 | D:9      | Noticed a brown ugly thing
 11151 | D:9      | Noticed a brown ugly thing
 11151 | D:9      | Noticed a red ugly thing
 11151 | D:9      | Noticed a purple very ugly thing
 11151 | D:9      | Noticed a white ugly thing
 11151 | D:9      | Noticed a cyan ugly thing
 11152 | D:9      | Noticed a brown ugly thing
 11155 | D:9      | Found a staircase to the Lair.
 11217 | D:9      | Noticed a two-headed ogre
 11237 | D:9      | Killed a two-headed ogre
 11414 | D:9      | Reached skill level 1 in Hexes
 11450 | D:9      | You are sucked into a shaft and drop 2 floors!
 11697 | D:11     | Received a gift from Okawaru
 11752 | D:11     | Reached skill level 1 in Invocations
 11870 | D:11     | Noticed a deep elf mage
 11875 | D:11     | Killed a deep elf mage
 11955 | D:11     | Noticed a red ugly thing
 11989 | D:11     | Killed a red ugly thing
 12087 | D:11     | Reached skill level 10 in Long Blades
 12212 | D:11     | Found a flagged portal.
 12217 | Bailey   | Entered a bailey
 12368 | Bailey   | Cast into level 1 of the Abyss (gnoll sergeant)
 12430 | Abyss:1  | Received a gift from Okawaru
 12482 | Abyss:1  | Noticed a starcursed mass
 12553 | Abyss:1  | Noticed a large abomination
 12655 | Abyss:1  | Noticed a hell hog
 12669 | Abyss:1  | Killed a hell hog
 12669 | Abyss:1  | Reached XP level 12. HP: 30/67 MP: 20/23
 12731 | Abyss:1  | Noticed a wretched star
 13060 | Abyss:1  | Noticed a hell hog
 13075 | Abyss:1  | Noticed a starcursed mass
 13144 | Abyss:1  | Reached skill level 1 in Translocations
 13297 | Abyss:1  | Noticed a wretched star
 13316 | Abyss:1  | Noticed a tentacled starspawn
 13370 | Abyss:1  | Reached skill level 1 in Charms
 13376 | Abyss:1  | Noticed a tentacled monstrosity
 13417 | Abyss:1  | Noticed an ophan
 13457 | Abyss:1  | Noticed a tentacled starspawn
 13531 | Abyss:1  | Found a shimmering blue altar of Sif Muna.
 13545 | Abyss:1  | Noticed a tentacled starspawn
 13548 | Bailey   | Escaped the Abyss
 14216 | D:12     | Learned a level 5 spell: Fireball
 14347 | D:12     | Noticed a two-headed ogre
 14375 | D:12     | Killed a two-headed ogre
 14515 | D:12     | Reached ****** piety under Okawaru
 14589 | D:12     | Found Isedugoc's Distillery.
 14610 | D:12     | Received a gift from Okawaru
 14619 | D:12     | Bought a potion of magic for 80 gold pieces
 14619 | D:12     | Bought a potion of heal wounds for 50 gold pieces
 14619 | D:12     | Bought a potion of haste for 100 gold pieces
 14619 | D:12     | Bought a potion of curing for 30 gold pieces
 14788 | D:12     | Noticed a two-headed ogre
 14794 | D:12     | Noticed a two-headed ogre
 14797 | D:12     | Killed a two-headed ogre
 14803 | D:12     | Killed a two-headed ogre
 14803 | D:12     | Reached XP level 13. HP: 64/72 MP: 19/25
 14838 | D:12     | Noticed a storm dragon
 14890 | D:10     | Entered Level 10 of the Dungeon
 14898 | D:10     | Reached skill level 5 in Fighting
 15374 | D:10     | You are sucked into a shaft and drop 2 floors!
 16358 | Lair:1   | Entered Level 1 of the Lair of Beasts
 17144 | Lair:2   | Noticed Erica
 17158 | Lair:2   | Killed Erica
 17274 | Lair:2   | Found the ring of the Octopus King
 17306 | Lair:2   | Noticed a minotaur
 17308 | Lair:2   | Noticed Ulumiabe's ghost (journeyman OpBe)
 17325 | Lair:2   | Found a runed translucent gate.
 17325 | Lair:2   | Found a runed translucent gate.
 17325 | Lair:2   | Found a runed translucent gate.
 17799 | Lair:3   | Reached skill level 10 in Dodging
 17837 | Lair:3   | Found a staircase to the Swamp.
 17849 | Lair:3   | Received a gift from Okawaru
 18719 | Lair:4   | Received a gift from Okawaru
 18727 | Lair:4   | Got a scorched kite shield {god gift}
 18770 | Lair:4   | Identified the +2 kite shield "Qogyudila" {rC++ rN+}
                  | (Okawaru gifted it to you on level 4 of the Lair of Beasts)
 19009 | Lair:4   | Reached skill level 6 in Shields
 19029 | Lair:4   | Reached XP level 14. HP: 57/80 MP: 22/27
 19070 | Lair:4   | Found a staircase to the Snake Pit.
 19140 | Lair:4   | Gained mutation: You are partially covered in molten
                  | scales. (AC +2) [potion of mutation]
 19140 | Lair:4   | Gained mutation: Your muscles are strong. (Str +2) [potion
                  | of mutation]
 19140 | Lair:4   | Gained mutation: You evolve. [potion of mutation]
 19140 | Lair:4   | Gained mutation: You have an increased reservoir of magic.
                  | (+10% MP) [potion of mutation]
 19153 | Lair:4   | Reached skill level 7 in Shields
 19713 | Lair:4   | Gained mutation: You rapidly evolve. [evolution]
 19713 | Lair:4   | Lost mutation: You rapidly evolve. [decline of evolution]
 19882 | Lair:5   | Reached skill level 8 in Shields
 19993 | Lair:5   | Identified the +2 hat "Gemed" {rN+ rCorr} (You acquired it
                  | on level 5 of the Lair of Beasts)
 20258 | Lair:5   | Reached skill level 9 in Shields
 20447 | Lair:5   | Found a viscous altar of Jiyva.
 20447 | Lair:5   | Found a staircase to the Slime Pits.
 20567 | Lair:6   | Entered Level 6 of the Lair of Beasts
 20736 | Lair:6   | Reached skill level 10 in Shields
 20940 | Lair:6   | Received a gift from Okawaru
 21038 | Lair:6   | Reached skill level 11 in Shields
 21062 | Lair:6   | Got a coiled garnet amulet
 21290 | Lair:6   | Found a glowing golden altar of the Shining One.
 21292 | Lair:6   | Reached skill level 12 in Shields
 21618 | Orc:1    | Entered Level 1 of the Orcish Mines
 21685 | Orc:1    | Found a roughly hewn altar of Beogh.
 21703 | Orc:1    | Received a gift from Okawaru
 21865 | Orc:1    | Found a roughly hewn altar of Beogh.
 21931 | Orc:1    | Reached XP level 15. HP: 84/84 MP: 27/31
 21951 | Orc:1    | Paralysed by an orc sorcerer for 4 turns
 22053 | Orc:1    | Found Cebbab's Food Shop.
 22230 | Orc:1    | Gained mutation: You are agile. (Dex +2) [evolution]
 22373 | Orc:1    | Found Yreih's Distillery.
 22562 | Orc:2    | Entered Level 2 of the Orcish Mines
 22581 | Orc:1    | Reached skill level 13 in Shields
 22703 | Orc:2    | Found a staircase to the Elven Halls.
 22784 | Orc:2    | Paralysed by an orc sorcerer for 5 turns
 23166 | Orc:2    | Received a gift from Okawaru
 23417 | Orc:2    | Got a bronze crystal plate armour {god gift}
 23639 | Orc:2    | Identified the +14 crystal plate armour of Parts Unknown
                  | {+Fly rElec MP-9 Int+6} (Okawaru gifted it to you on level
                  | 2 of the Orcish Mines)
 23697 | Orc:2    | Reached skill level 14 in Shields
 23753 | Orc:2    | Found Gudoock's Weapon Shop.
 23756 | Orc:2    | Found Fymnicho's Food Shop.
 23757 | Orc:2    | Found Jeosmuyt's Jewellery Shop.
 23758 | Orc:2    | Found Wohul's Antique Armour Boutique.
 23764 | Orc:2    | Bought a jewelled ring mail for 252 gold pieces
 24095 | Orc:2    | Identified the +1 ring mail of Jooh Baro {Str+3} (You
                  | bought it in a shop on level 2 of the Orcish Mines)
 24317 | D:9      | Identified the amulet of Otoicso {Faith rElec Stlth+} (You
                  | found it on level 6 of the Lair of Beasts)
 24428 | D:9      | Found a runed translucent gate.
 24428 | D:9      | Found a runed translucent gate.
 24434 | D:9      | Found a runed translucent gate.
 24434 | D:9      | Noticed Stelteck's ghost (journeyman DrBe)
 24617 | Snake:1  | Entered Level 1 of the Snake Pit
 25097 | Snake:1  | Reached skill level 15 in Shields
 25116 | Snake:1  | Received a gift from Okawaru
 25116 | Snake:1  | Reached skill level 5 in Armour
 25117 | Snake:1  | Found the +4 skin of Zhor {Englaciate rC+++ SInv}
 25670 | Snake:1  | Got a brightly glowing pewter amulet
 25672 | Snake:1  | Identified the amulet "Xodyekho" {Acrobat rPois MP+9 Int+4}
                  | (You found it on level 1 of the Snake Pit)
 26112 | D:9      | Learned a level 6 spell: Starburst
 26681 | Snake:2  | Reached XP level 16. HP: 71/88 MP: 32/32
 27187 | Snake:2  | Noticed a nagaraja
 27221 | Snake:2  | Killed a nagaraja
 27777 | Snake:3  | Noticed Vashnia
 28129 | Snake:2  | Gained mutation: You rapidly evolve. [evolution]
 28209 | Snake:3  | Found Koha's Gadget Emporium.
 28210 | Snake:3  | Found Hucvomeu's Jewellery Boutique.
 28212 | Snake:3  | Found Wixas's Gadget Emporium.
 28222 | Snake:3  | Bought a phantom mirror for 420 gold pieces
 28222 | Snake:3  | Bought a phantom mirror for 420 gold pieces
 28222 | Snake:3  | Bought a wand of acid (6) for 280 gold pieces
 28222 | Snake:3  | Bought a phantom mirror for 420 gold pieces
 28226 | Snake:3  | Bought a phantom mirror for 450 gold pieces
 28298 | Snake:3  | Noticed Nikola
 28776 | Snake:3  | Received a gift from Okawaru
 29138 | Swamp:1  | Entered Level 1 of the Swamp
 29148 | Swamp:1  | Noticed Frances
 30207 | D:13     | Reached skill level 10 in Spellcasting
 30220 | D:13     | Found a gate to the Vaults.
 30529 | D:13     | Found a hazy altar of Hepliaklqana.
 30865 | D:13     | Gained mutation: You have a considerably increased
                  | reservoir of magic. (+20% MP) [evolution]
 31199 | D:14     | Found Nuicw's Antique Armour Boutique.
 31514 | D:14     | You are sucked into a shaft and drop 1 floor!
 31514 | D:15     | Entered Level 15 of the Dungeon
 31531 | D:15     | Received a gift from Okawaru
 31664 | D:15     | Found a staircase to the Depths.
 31880 | D:15     | HP: 4/93 [fire giant/bolt of fire (22)]
 31881 | D:15     | Killed from afar by a fire giant

Levels and vault maps discovered:
D:1:      kennysheep_arrival_forest, layout_basic
D:2:      minmay_door_path, layout_loops_corners, kennysheep_slug_shrine
D:3:      layout_loops_ring, led_sif_book, lemuel_round_altar, zin_statuary,
          makhleb_blood_cavern_becter, gammafunk_temple_overflow_elements,
          first_ration, minmay_liquid_box
D:4:      layout_basic, minmay_temple_entry_glassed_door, enter_ossuary_4,
          uniq_edmund
D:5:      minmay_razor_zed, layout_basic, serial_shops, shop_fountains, shop,
          grunt_ministairs_11
D:6:      layout_basic, sword_in_stone
D:7:      layout_rooms, nicolae_ru_sacrificial_ziggurat, basic_altar
D:8:      layout_cave_pods, kennysheep_little_box, serial_bayou,
          serial_bayou_crossing, serial_bayou_shore_a, serial_bayou_shore_b,
          serial_bayou_ford_a, uniq_psyche
D:9:      layout_layer_cave, erik_lair_orcish_takeover, david_orc_2,
          ploomutoo_gammafunk_ghost_potion_laboratory
D:10:     wad_statue_garden, layout_long_grid, hangedman_little_slice_of_home
D:11:     layout_basic, enter_bailey_3, serial_co_window_serial,
          co_window_paths_b, co_window_corner_a, co_window_paths_a,
          co_window_paths_b, co_window_corner_a, co_window_paths_a,
          co_window_broadway_b, co_window_cross_4, co_window_broadway_a,
          glass_columns_c
D:12:     cheibrodos_frozen_isle, layout_long_grid, serial_shops, shop
D:13:     layout_rooms, david_vaults_1, basic_altar
D:14:     layout_basic, serial_shops, shop, shop, nicolae_shop_waterfront
D:15:     grunt_enter_depths_giant_problem, layout_loops_ring,
          minmay_misc_feat_square, laboratory
Temple:   nicolae_temple_god_jail
Lair:1:   layout_gridlike, lemuel_fruit_tree
Lair:2:   layout_regular_city, maelrawn_ghost_gauntlet_escape, uniq_erica
Lair:3:   layout_chaotic_city, skrybe_swamp_entry_bodies, grunt_megastairs_4,
          infiniplex_staircase_pool
Lair:4:   layout_loops_ring, dummy_snake_entry, minmay_shattered_shrine,
          minmay_lair_oklob_chamber
Lair:5:   layout_gridlike, dpeg_slime_entry_enclosed_altar, nzn_random_ring
Lair:6:   gammafunk_lair_ancient_temple, layout_regular_city, basic_altar,
          serial_bayou_pond_c
Swamp:1:  layout_basic_swamp, basic_altar, swamp_pool1, hangedman_swamp_dais,
          uniq_louise, uniq_frances
Snake:1:  layout_gridlike, serial_bayou_lagoon_b
Snake:2:  layout_rooms
Snake:3:  layout_gridlike, nicolae_snake_single_loop,
          hangedman_snake_sidewinding, serial_bayou_shore_b, minmay_shop_grove,
          grunt_megastairs_3, uniq_vashnia, uniq_nikola
Orc:1:    layout_diamond_mine, serial_shops, nicolae_shop_statue_plus, shop,
          basic_altar, nicolae_orc_pool_cavern, bh_open_orc_temple
Orc:2:    st_orc_pillars, layout_diamond_mine

Skill      XL: |  1  2  3  4  5  6  7  8  9 10 11 12 13 14 15 16 |
---------------+-------------------------------------------------+-----
Conjurations   | 2 3 4 5 6 7 9 |  9.4
Spellcasting   | 3 4 5 6 7 8 10 | 10.5
Fire Magic     | 4 5 6 7 8 9 |  9.3
Dodging        | 3 4 6 7 9 10 | 10.0
Short Blades   | 1 2 3 |  3.5
Stealth        | 3 4 |  4.0
Armour         | 2 3 4 7 |  7.7
Fighting       | 1 2 3 4 6 8 |  8.1
Shields        | 1 2 4 5 6 12 15 | 15.0
Long Blades    | 3 7 10 12 13 14 | 14.8
Evocations     | 1 2 |  2.5
Hexes          | 1 |  1.7
Invocations    | 1 |  1.3
Translocations | 1 2 |  2.2
Charms         | 1 2 |  2.7
Ice Magic      | |  0.3

Action                   |  1- 3 |  4- 6 |  7- 9 | 10-12 | 13-15 | 16-18 || total
-------------------------+-------+-------+-------+-------+-------+-------++-------
Melee: Unarmed           |    24 |       |       |       |       |       ||    24
       Kick              |    12 |    23 |    53 |   147 |   386 |   125 ||   746
       Peck              |    12 |    19 |    31 |   103 |   272 |    86 ||   523
       Short sword       |    39 |    80 |   139 |       |       |       ||   258
       Demon blade       |       |       |    88 |   480 |  1165 |   335 ||  2068
       Scimitar          |       |       |       |       |    20 |       ||    20
Throw: Throwing net      |       |       |       |       |       |     1 ||     1
 Cast: Foxfire           |    46 |    84 |   195 |   189 |    86 |    20 ||   620
       Magic Dart        |       |    11 |       |       |       |       ||    11
       Inner Flame       |       |       |     7 |    10 |     2 |       ||    19
       Shroud of Golubri |       |       |     4 |    35 |    85 |    35 ||   159
       Ozocubu's Armour  |       |       |       |     1 |    12 |    11 ||    24
       Spectral Weapon   |       |       |       |    15 |    45 |    14 ||    74
       Fireball          |       |       |       |     8 |    21 |    33 ||    62
       Sticky Flame      |       |       |       |     3 |    14 |     5 ||    22
       Starburst         |       |       |       |       |       |     9 ||     9
Invok: Heroism           |       |       |     1 |    14 |     5 |     5 ||    25
       Finesse           |       |       |       |       |       |     1 ||     1
 Abil: Fly               |       |     1 |       |       |       |       ||     1
Evoke: Wand              |       |       |     8 |    24 |    11 |     2 ||    45
       Phantom mirror    |       |       |       |       |     1 |     1 ||     2
  Use: Scroll            |       |    11 |    16 |    11 |    19 |     5 ||    62
       Potion            |       |       |     4 |     9 |     6 |     3 ||    22
 Stab: Sleeping          |     2 |     3 |     2 |     8 |    11 |     2 ||    28
       Distracted        |     2 |       |       |     2 |     7 |     1 ||    12
       Confused          |       |       |       |     3 |       |       ||     3
  Eat: Chunk             |     4 |     7 |     8 |     8 |    25 |    10 ||    62
       Ration            |       |       |     2 |     4 |     6 |     5 ||    17
Armor: Robe              |    21 |    12 |       |       |       |       ||    33
       Ring mail         |       |     5 |    22 |       |    21 |       ||    48
       Leather armour    |       |       |    17 |    11 |       |       ||    28
       Steam dragon scal |       |       |       |    56 |   112 |       ||   168
       Crystal plate arm |       |       |       |       |    28 |       ||    28
       Animal skin       |       |       |       |       |     9 |    30 ||    39
Dodge: Dodged            |    90 |    70 |   145 |   332 |   566 |   142 ||  1345
Block: Buckler           |       |     2 |    59 |    98 |    52 |       ||   211
       Kite shield       |       |       |       |       |   513 |   205 ||   718
       Rpst.: Demon blade |       |       |    22 |    87 |   153 |    31 ||   293
       Scimitar          |       |       |       |       |     4 |       ||     4

Table legend:
 A = Non-vault XP
 B = Vault XP
 C = Vault XP percentage of total XP
 D = Non-vault monster count
 E = Vault monster count
 F = Vault count percentage of total count
                 A         B        C        D         E       F
            +---------+---------+-------+---------+---------+-------
      Total |  131300 |   47805 |  26.7 |     682 |     276 |  28.8
            +---------+---------+-------+---------+---------+-------
        D:1 |      52 |       0 |   0.0 |      26 |       0 |   0.0
        D:2 |      43 |      13 |  23.2 |      20 |       4 |  16.7
        D:3 |     167 |     121 |  42.0 |      23 |       3 |  11.5
        D:4 |     220 |     164 |  42.7 |      14 |       3 |  17.6
        D:5 |     639 |     928 |  59.2 |      20 |      19 |  48.7
        D:6 |     814 |     521 |  39.0 |      24 |       5 |  17.2
        D:7 |     558 |       0 |   0.0 |      20 |       0 |   0.0
        D:8 |    3498 |     463 |  11.7 |      52 |       1 |   1.9
        D:9 |    2314 |    5584 |  70.7 |      30 |      19 |  38.8
       D:10 |    4249 |    1841 |  30.2 |      23 |      18 |  43.9
       D:11 |    4383 |       8 |   0.2 |      31 |       4 |  11.4
       D:12 |   10128 |    2885 |  22.2 |      52 |      13 |  20.0
       D:13 |    5145 |    2736 |  34.7 |      21 |       5 |  19.2
       D:14 |    8447 |       0 |   0.0 |      18 |       0 |   0.0
       D:15 |    5596 |       0 |   0.0 |      16 |       0 |   0.0
     Lair:1 |     778 |       0 |   0.0 |       5 |       0 |   0.0
     Lair:2 |    2372 |     918 |  27.9 |      13 |       1 |   7.1
     Lair:3 |    2946 |     694 |  19.1 |       9 |       4 |  30.8
     Lair:4 |    8186 |    3292 |  28.7 |      31 |       8 |  20.5
     Lair:5 |    1695 |    4945 |  74.5 |       6 |      12 |  66.7
     Lair:6 |   10270 |    9537 |  48.1 |      37 |      24 |  39.3
    Swamp:1 |    2540 |       0 |   0.0 |       6 |       0 |   0.0
    Snake:1 |   16479 |       0 |   0.0 |      38 |       0 |   0.0
    Snake:2 |   10681 |       0 |   0.0 |      16 |       0 |   0.0
    Snake:3 |   13080 |       0 |   0.0 |      25 |       0 |   0.0
      Orc:1 |    6100 |     953 |  13.5 |      46 |       4 |   8.0
      Orc:2 |    3019 |   10722 |  78.0 |      28 |      60 |  68.2
    Abyss:1 |    6901 |       0 |   0.0 |      32 |       0 |   0.0
    Ossuary |       0 |     266 | 100.0 |       0 |      39 | 100.0
     Bailey |       0 |    1214 | 100.0 |       0 |      30 | 100.0
            +---------+---------+-------+---------+---------+-------
